Match 38959658
Unlisted

Match 38959658
End
Scout Squad
Construct Barracks
Selects Advanced Infantry Battlegroup
Selects Advanced Infantry Battlegroup
Riflemen Squad
Riflemen Squad
Selects Convert to Ranger Squad
Infantry Support Center
Convert to Ranger Squad
Construct Medical Station
Construct Weapon Support Center
Riflemen Squad
Selects Designate Assault Position
Convert to Ranger Squad
Advanced Logistics
Selects Ranger Weapon Training
Survival Training
Selects Artillery Observers
Convert to Ranger Squad
Designate Assault Position
Construct Tank Depot
Selects M2A1 105mm Howitzer Emplacement
Designate Assault Position
M4A1 Sherman Medium Tank
M3 Armored Personnel Carrier
Designate Assault Position
Selects 155mm Rapid Artillery Barrage
M4A1 Sherman Medium Tank
Improved M9 Bazooka Rockets
Designate Assault Position
M4A1 Sherman Medium Tank
M4A1 Sherman Medium Tank
Ranger Squad
M3 Armored Personnel Carrier
Designate Assault Position
155mm Rapid Artillery Barrage
Engineer Squad
155mm Rapid Artillery Barrage
M18 Hellcat Tank Destroyer
M18 Hellcat Tank Destroyer
M18 Hellcat Tank Destroyer
M18 Hellcat Tank Destroyer
155mm Rapid Artillery Barrage
M18 Hellcat Tank Destroyer
M4(105) Sherman Bulldozer
155mm Rapid Artillery Barrage
STALKER4732
Hannibal
Random
Atrol
bogdan
MEGArgent
Grom
Calm
0
0

Comments sign in to comment!

No comments posted yet!